 Dungeon Crawl Stone Soup version 0.30-b1-2-g02819fbbbe (webtiles) character file.

Game seed: 11544933590930015711

2115 snakesoul the Destroyer (level 9, -17/45 HPs)
             Began as a Deep Elf Conjurer on June 12, 2023.
             Killed from afar by a steam dragon (22 damage)
             ... with a ball of steam
             ... on level 7 of the Dungeon.
             The game lasted 00:14:33 (7237 turns).

snakesoul the Destroyer (Deep Elf Conjurer)         Turns: 7237, Time: 00:14:33

Health: -17/45     AC:  2    Str:  7    XL:     9   Next: 8%
Magic:  19/22      EV: 12    Int: 28    God:
Gold:   626        SH:  0    Dex: 13    Spells: 12/23 levels left

rFire   . . .        g - +0 dagger (venom)
rCold   . . .        (no shield)
rNeg    . . .        a - +0 robe
rPois   .            (no helmet)
rElec   .            (no cloak)
rCorr   +            (no gloves)
SInv    .            (no boots)
Will    .....        k - amulet of Umueqeor {Harm Regen+ rCorr Str-3}
Stlth   ++           D - ring of wizardry
HPRegen 1.07/turn    b - +6 ring of strength
MPRegen 0.18/turn

%: harm (+30% outgoing, +20% incoming), wizardry (x1)
@: no status effects
A: no striking features
a: no special abilities


You were on level 7 of the Dungeon.
You visited 2 branches of the dungeon, and saw 8 of its levels.
You also visited: Ossuary.

You collected 626 gold pieces.

Inventory:

Hand Weapons
 g - a +0 dagger of venom (weapon)
Armour
 a - a +0 robe (worn)
 F - a +0 buckler
Jewellery
 b - a +6 ring of strength (right hand)
 h - a ring of see invisible
 k - the amulet of Umueqeor (around neck) {Harm Regen+ rCorr Str-3}
   (You found it on level 2 of the Dungeon)

   [amulet of regeneration]

   Str:       It affects your strength (-3).
   Regen:     It increases your rate of health regeneration.
   rCorr:     It protects you from acid and corrosion.
   Harm:      It increases damage dealt and taken.
 D - a ring of wizardry (left hand)
Wands
 m - a wand of flame (23)
 J - a wand of charming (9)
Scrolls
 c - a scroll of amnesia {unknown}
 d - 2 scrolls of poison {unknown}
 f - 2 scrolls of magic mapping {unknown}
 j - 2 scrolls of blinking {unknown}
 l - 3 scrolls of noise {unknown}
 p - a scroll of fog {unknown}
 q - 2 scrolls of enchant weapon {unknown}
 s - 2 scrolls of teleportation {unknown}
 v - a scroll of acquirement {unknown}
 w - a scroll of immolation {unknown}
 y - 3 scrolls of silence {unknown}
 C - a scroll of brand weapon {unknown}
 E - a scroll of fear {unknown}
 I - a scroll of enchant armour {unknown}
Potions
 e - a potion of attraction {unknown}
 i - 3 potions of degeneration
 n - 3 potions of heal wounds
 o - a potion of cancellation
 r - 2 potions of might
 t - 2 potions of curing
 u - a potion of mutation
 x - a potion of experience {unknown}
 z - a potion of lignification {unknown}
 A - 2 potions of resistance
 B - a potion of brilliance {unknown}
 G - a potion of flight {unknown}
 H - a potion of berserk rage {unknown}


   Skills:
 - Level 2.4 Dodging
 - Level 2.4 Stealth
 + Level 2.6 Shields
 + Level 7.7 Spellcasting
 * Level 9.6 Conjurations
 + Level 5.5 Hexes
 + Level 4.6 Translocations


You had 12 spell levels left.
You knew the following spells:

 Your Spells              Type           Power      Damage    Failure   Level
a - Magic Dart            Conj           100%       1d8       1%          1
b - Searing Ray           Conj           100%       2d8       1%          2
c - Fulminant Prism       Conj/Hex       26%        3d14      1%          4
d - Iskenderun's Mystic   Conj/Tloc      50%        2d11      1%          4

Your spell library contained the following spells:

 Spells                   Type           Power      Damage    Failure   Level
 Lesser Beckoning         Tloc           72%        N/A       1%          2
 Dazzling Flash           Conj/Hex       100%       N/A       1%          3
 Gell's Gravitas          Tloc           36%        N/A       1%          3
 Teleport Other           Tloc           36%        N/A       1%          3


Dungeon Overview and Level Annotations

Branches:
Dungeon (7/15)             Temple (1/1) D:6         Ossuary (visited)

Altars:
Cheibriados
Fedhas
Gozag
Kikubaaqudgha
Makhleb
Nemelex Xobeh
Okawaru
Qazlal
Ru
Sif Muna
Trog
Uskayaw
Wu Jian
Xom
Yredelemnul
Zin
The Shining One

Annotations:
D:5 3 runed translucent doors, KineticRobot's ghost, novice DgCj
D:6 1 runed translucent door, Thantalas's ghost, novice FoFi


Message History

You start resting.
Magic restored.
Found a spear.
Things that are here:
a +0 spear; a gnoll corpse You now have 626 gold pieces (gained 9).
You open the door.
There is an open door here.
You open the door.
A steam dragon comes into view.
The magic dart hits the steam dragon.
The steam dragon is lightly wounded.
The magic dart hits the steam dragon.
The steam dragon is moderately wounded.
The steam dragon breathes steam at you. The ball of steam hits you!
You close the door.
You start resting.
Magic restored.
You start resting.
HP restored.
You open the door. The steam dragon breathes steam at you.
The ball of steam hits you!
Casting: Magic Dart (safe; 1% risk of failure)
Confirm with . or Enter, or press ? or * to list all spells.
Aiming: Searing Ray (safe; 1% risk of failure)
Press: ? - help, Shift-Dir - straight line, f/p - steam dragon
Aim: a steam dragon (moderately wounded, 83% to hit)
The searing ray hits the steam dragon.
The steam dragon is heavily wounded. (Press . to maintain the ray.)
You are engulfed in a cloud of scalding steam.
The steam dragon closely misses you. The steam dragon barely misses you.
The searing ray misses the steam dragon.
You are engulfed in a cloud of scalding steam.
* * * LOW HITPOINT WARNING * * *
The steam dragon breathes steam at you. The ball of steam hits you!!
You die...

.... ....
..... .....
......
###......
#§D§.....
#@#...... #.#
.....
#.#########
#.#.......#
#.'.....#.#
###.....#.#
#.....#.#
#.....#.#
######.....#.#


You could see a steam dragon (catching breath).

Vanquished Creatures
  A hornet (D:6)
  Prince Ribbit (D:6)
  Eustachio (D:4)
  A water moccasin (D:6)
  2 ogres (D:5)
  A phantom (D:5)
  2 centaurs (D:6)
  Blork the orc (D:4)
  A howler monkey (D:5)
  2 orc priests
  2 jellies
  2 gnoll boudas (D:5)
  Jessica (D:2)
  A sleepcap (D:6)
  Ijyb (D:4)
  Terence (D:2)
  2 iguanas
  Natasha (thrice) (D:2)
  7 orc wizards
  8 mummies (Ossuary)
  10 gnolls
  5 adders
  2 shadow imps
  2 white imps (D:6)
  3 worms
  2 dart slugs
  21 orcs
  8 ball pythons
  7 endoplasms
  A giant cockroach (D:4)
  5 goblins
  7 hobgoblins
  6 jackals
  3 kobolds
  2 quokkas
  7 bats
  4 frilled lizards
  3 gnoll zombies (Ossuary)
  3 kobold zombies (Ossuary)
  2 orc zombies (Ossuary)
  2 rats
146 creatures vanquished.

Vanquished Creatures (others)
  8 fulminant prisms
8 creatures vanquished.

Grand Total: 154 creatures vanquished

Notes
Turn   | Place    | Note
-------+----------+-------------------------------------------
     0 | D:1      | snakesoul the Deep Elf Conjurer began the quest for the
                  | Orb.
     0 | D:1      | Reached XP level 1. HP: 10/10 MP: 6/6
   218 | D:1      | Reached XP level 2. HP: 15/15 MP: 6/8
   254 | D:1      | Found a faded altar of an unknown god.
   667 | D:2      | Learned a level 2 spell: Searing Ray
   678 | D:2      | Reached skill level 5 in Conjurations
   714 | D:2      | Reached XP level 3. HP: 19/19 MP: 6/10
   757 | D:2      | Noticed Terence
   760 | D:2      | Noticed Natasha
   761 | D:2      | Killed Terence
   765 | D:2      | Killed Natasha
   766 | D:2      | Reached XP level 4. HP: 14/24 MP: 1/12
   974 | D:2      | Identified the amulet of Umueqeor {Harm Regen+ rCorr Str-3}
  1005 | D:2      | Noticed Natasha
  1010 | D:2      | Killed Natasha
  1011 | D:2      | Reached skill level 6 in Conjurations
  1145 | D:2      | Noticed Jessica
  1146 | D:2      | Killed Jessica
  1147 | D:2      | Reached XP level 5. HP: 28/28 MP: 11/14
  1147 | D:2      | Noticed Natasha
  1149 | D:2      | Killed Natasha
  1701 | D:3      | Reached skill level 5 in Spellcasting
  1759 | D:3      | Learned a level 4 spell: Fulminant Prism
  1764 | D:3      | Learned a level 4 spell: Iskenderun's Mystic Blast
  1772 | D:3      | Found a burning altar of Makhleb.
  1772 | D:3      | Found a sacrificial altar of Ru.
  1773 | D:3      | Found an opulent altar of Gozag.
  2472 | D:4      | Noticed Ijyb
  2488 | D:4      | Killed Ijyb
  2555 | D:4      | Reached skill level 1 in Hexes
  2594 | D:4      | Reached XP level 6. HP: 32/32 MP: 10/15
  2700 | D:4      | Reached skill level 7 in Conjurations
  2700 | D:4      | Reached skill level 1 in Translocations
  2901 | D:4      | Found a sand-covered staircase.
  2909 | Ossuary  | Entered an ossuary
  3584 | D:4      | Noticed Eustachio
  3596 | D:4      | Killed Eustachio
  3597 | D:4      | Reached XP level 7. HP: 36/36 MP: 8/17
  3801 | D:4      | Noticed Blork the orc
  3806 | D:4      | Killed Blork the orc
  3942 | D:5      | Entered Level 5 of the Dungeon
  3979 | D:5      | Found a runed translucent gate.
  3980 | D:5      | Found a runed translucent gate.
  3980 | D:5      | Found a runed translucent gate.
  3981 | D:5      | Found an opulent altar of Gozag.
  3981 | D:5      | Noticed a wyvern
  3983 | D:5      | Noticed KineticRobot's ghost (novice DgCj)
  4159 | D:5      | Reached skill level 8 in Conjurations
  4187 | D:5      | Found an ancient bone altar of Kikubaaqudgha.
  4485 | D:5      | Reached skill level 1 in Shields
  4485 | D:5      | Reached XP level 8. HP: 41/41 MP: 2/19
  5163 | D:5      | Found a sparkling altar of Nemelex Xobeh.
  5791 | D:6      | Noticed Prince Ribbit
  5796 | D:6      | Killed Prince Ribbit
  5827 | D:6      | Noticed a hornet
  5834 | D:6      | Paralysed by a hornet for 1 turns
  5836 | D:6      | Killed a hornet
  5837 | D:6      | Reached skill level 9 in Conjurations
  5966 | D:6      | HP: 1/41 [centaur/arrow (7)]
  5974 | D:5      | Reached skill level 5 in Hexes
  6123 | D:6      | Found a runed translucent door.
  6124 | D:6      | Noticed Thantalas's ghost (novice FoFi)
  6147 | D:6      | Found a staircase to the Ecumenical Temple.
  6175 | Temple   | Entered the Ecumenical Temple
  6468 | D:6      | Found an ornate altar of the Wu Jian Council.
  6675 | D:6      | Reached XP level 9. HP: 45/45 MP: 12/22
  7237 | D:7      | Killed from afar by a steam dragon

Illustrated notes

Levels and vault maps discovered:
D:1:      dreamdust_arrival_sigmund_warning, layout_basic,
          ebering_ecumenical_altar_webs, serial_aquarium, aquarium_bridge_square
          [aquarium_subvault_bridge, aquarium_subvault_bridge,
          aquarium_subvault_wall, aquarium_subvault_window], aquarium_window_2,
          aquarium_window_2, aquarium_window_fake, aquarium_view_4,
          aquarium_view_2g, aquarium_balcony_1b, aquarium_pool_2
D:2:      layout_loops_ring, minmay_box_of_dots, uniq_jessica, uniq_natasha,
          uniq_terence
D:3:      layout_loops_ring, chequers_temple_overflow_statue_of_worship
D:4:      layout_gridville, nicolae_ossuary_entry_plus, uniq_ijyb,
          uniq_eustachio, uniq_blork_the_orc
D:5:      layout_basic, mainiacjoe_overflow_catwalk, nemelex_altar_shiori,
          ebering_ghost_gozag, kennysheep_pointless_box
D:6:      layout_loops_ring, mainiacjoe_overflow_cross_hatched,
          minmay_temple_entry_offerings, gammafunk_ghost_grave,
          uniq_prince_ribbit1
D:7:      layout_basic
Temple:   bh_familiar_temple

Skill      XL: |  1  2  3  4  5  6  7  8 |
---------------+-------------------------+-----
Conjurations   | 5 6 7 8 9 |  9.6
Spellcasting   | 4 5 6 7 |  7.7
Hexes          | 1 2 4 5 |  5.5
Translocations | 2 3 4 |  4.6
Shields        | 1 2 |  2.6
Dodging        | |  2.4
Stealth        | |  2.4

Action                     |  1- 3 |  4- 6 |  7- 9 || total
---------------------------+-------+-------+-------++-------
  Melee: Dagger            |     6 |       |     5 ||    11
   Cast: Magic Dart        |    35 |   145 |   158 ||   338
         Searing Ray       |     2 |     9 |    19 ||    30
         Fulminant Prism   |       |       |     9 ||     9
         Iskenderun's Myst |       |       |     1 ||     1
    Use: Potion            |       |     1 |     3 ||     4
         Scroll            |       |       |     7 ||     7
 Armour: Robe              |     2 |     4 |     4 ||    10
  Dodge: Dodged            |     4 |    16 |    44 ||    64
